General information
- name: BNet
- type: Ladder team game (AT/RT)
- host: Battle.net
- saver: lIlIIlIIlIlIIlI
map: Cherryville
- players: 8
- length: 21:56
- speed: Fast
- version: 1.26 W3XP
- replay type: Public
» download(168 KB)
Players
team 1 (loser)

»
LastManDaNCING- (
green | 110 APM | 2357 actions | 21:24)
4 Keeper of the Grove
2 Entangling Roots
2 Thorns Aura
» actions
| Assign group hotkey | 27 | |
| Basic commands | 213 | |
| Build / train | 55 | |
| ESC pressed | 1 | |
| Enter build submenu | 17 | |
| Enter hero's abilities submenu | 4 | |
| Right click | 731 | |
| Select / deselect | 578 | |
| Select group hotkey | 693 | |
| Use ability | 38 | |
2357 total
» units
| Wisp | 12 | |
| Huntress | 6 | |
| Hippogryph | 15 | |
| Chimaera | 4 | |
37 total
» upgrades
| Strength of the Wild | 2 | |
| Corrosive Breath | 1 | |
| Reinforced Hides | 1 | |
4 total
» buildings
| Altar of Elders | 1 | |
| Moon Well | 6 | |
| Hunter's Hall | 1 | |
| Ancient of War | 2 | |
| Tree of Ages | 2 | |
| Tree of Eternity | 2 | |
| Ancient of Wind | 2 | |
| Chimaera Roost | 3 | |
| Tree of Life | 1 | |
20 total
» build order
00:06 Altar of Elders
00:19 Moon Well
01:54 Hunter's Hall
02:18 Ancient of War
02:20 Ancient of War
02:46 Moon Well
02:48 Moon Well
05:11 Tree of Ages
07:46 Tree of Eternity
07:59 Ancient of Wind
08:52 Moon Well
08:54 Moon Well
10:11 Chimaera Roost
10:13 Chimaera Roost
10:14 Chimaera Roost
17:13 Ancient of Wind
19:04 Moon Well
19:35 Tree of Life
» items

»
jEAn-mAri-LePen (
teal | 77 APM | 1669 actions | 21:32)
3 Warden
1 Fan of Knives
2 Shadow Strike
» actions
| Assign group hotkey | 24 | |
| Basic commands | 9 | |
| Build / train | 104 | |
| ESC pressed | 4 | |
| Enter build submenu | 27 | |
| Enter hero's abilities submenu | 3 | |
| Right click | 657 | |
| Select / deselect | 376 | |
| Select group hotkey | 378 | |
| Use ability | 83 | |
1669 total
» units
| Wisp | 27 | |
| Archer | 3 | |
| Huntress | 20 | |
| Hippogryph | 17 | |
| Druid of the Claw | 2 | |
| Faerie Dragon | 1 | |
70 total
» upgrades
| Strength of the Moon | 2 | |
| Moon Armor | 2 | |
| Sentinel | 1 | |
| Druid of the Claw Training | 1 | |
6 total
» buildings
| Altar of Elders | 1 | |
| Moon Well | 10 | |
| Ancient of War | 1 | |
| Hunter's Hall | 1 | |
| Tree of Ages | 2 | |
| Ancient Protector | 3 | |
| Ancient of Wonders | 2 | |
| Tree of Life | 1 | |
| Ancient of Wind | 1 | |
| Ancient of Lore | 1 | |
| Tree of Eternity | 3 | |
26 total
» build order
00:12 Altar of Elders
00:31 Moon Well
02:02 Ancient of War
02:44 Moon Well
03:18 Hunter's Hall
03:24 Moon Well
03:33 Moon Well
06:35 Tree of Ages
06:36 Tree of Ages
06:40 Ancient Protector
06:46 Moon Well
07:12 Ancient Protector
07:29 Ancient of Wonders
08:16 Moon Well
08:46 Tree of Life
10:44 Ancient Protector
12:29 Moon Well
13:46 Moon Well
14:57 Ancient of Wind
15:45 Ancient of Wonders
15:52 Ancient of Lore
16:09 Moon Well
16:57 Moon Well
20:03 Tree of Eternity
20:04 Tree of Eternity
» items
| Scroll of Town Portal | 3 | |
| Staff of Preservation | 1 | |
| Potion of Healing | 5 | |
| Moonstone | 2 | |
11 total

»
saschu (
orange | 40 APM | 869 actions | 21:52)
4 Blademaster
1 Wind Walk
2 Critical Strike
1 Mirror Image
3 Shadow Hunter
1 Hex
2 Healing Wave
» actions
| Assign group hotkey | 10 | |
| Build / train | 57 | |
| Enter build submenu | 10 | |
| Enter hero's abilities submenu | 7 | |
| Give item / drop item | 2 | |
| Right click | 229 | |
| Select / deselect | 127 | |
| Select group hotkey | 384 | |
| Use ability | 43 | |
869 total
» units
| Peon | 10 | |
| Raider | 14 | |
| Wind Rider | 4 | |
28 total
» upgrades
| Spiked Barricades | 1 | |
| Armor | 3 | |
| Melee Weapons | 3 | |
| Ensnare | 1 | |
8 total
» buildings
| Altar of Storms | 1 | |
| Orc Burrow | 5 | |
| War Mill | 1 | |
| Voodoo Lounge | 1 | |
| Stronghold | 1 | |
| Fortress | 1 | |
| Beastiary | 1 | |
11 total
» build order
00:08 Altar of Storms
00:12 Orc Burrow
00:53 War Mill
01:30 Orc Burrow
01:48 Voodoo Lounge
02:56 Orc Burrow
03:24 Stronghold
03:51 Orc Burrow
04:46 Orc Burrow
05:48 Fortress
06:26 Beastiary
» items
| Healing Salve | 3 | |
| Orb of Lightning | 2 | |
| Potion of Healing | 2 | |
| Scroll of Town Portal | 3 | |
10 total

»
Monsieur_x (
red | 54 APM | 1168 actions | 21:32)
4 Death Knight
2 Death Coil
2 Unholy Aura
2 Crypt Lord
2 Impale
» actions
| Basic commands | 10 | |
| Build / train | 56 | |
| Enter build submenu | 23 | |
| Enter hero's abilities submenu | 6 | |
| Give item / drop item | 1 | |
| Remove unit from queue | 7 | |
| Right click | 685 | |
| Select / deselect | 297 | |
| Use ability | 83 | |
1168 total
» units
| Acolyte | 15 | |
| Ghoul | 3 | |
| Crypt Fiend | 7 | |
| Obsidian Statue | 2 | |
| Frost Wyrm | 1 | |
28 total
» upgrades
» buildings
| Halls of the Dead | 1 | |
| Altar of Darkness | 1 | |
| Ziggurat | 19 | |
| Crypt | 1 | |
| Graveyard | 1 | |
| Tomb of Relics | 1 | |
| Slaughterhouse | 1 | |
| Black Citadel | 1 | |
| Sacrificial Pit | 1 | |
| Boneyard | 3 | |
| Necropolis | 1 | |
31 total
» build order
01:18 Halls of the Dead
01:55 Altar of Darkness
02:02 Ziggurat
02:07 Ziggurat
02:12 Crypt
02:17 Graveyard
02:24 Tomb of Relics
02:28 Ziggurat
03:44 Slaughterhouse
03:47 Ziggurat
06:24 Black Citadel
08:09 Sacrificial Pit
09:04 Boneyard
09:05 Boneyard
09:06 Boneyard
09:45 Ziggurat
09:46 Ziggurat
11:21 Ziggurat
11:23 Ziggurat
11:24 Ziggurat
13:08 Ziggurat
13:10 Ziggurat
13:11 Ziggurat
13:12 Ziggurat
15:17 Ziggurat
16:19 Necropolis
18:44 Ziggurat
18:45 Ziggurat
20:33 Ziggurat
20:35 Ziggurat
20:36 Ziggurat
» items
| Rod of Necromancy | 1 | |
| Scroll of Town Portal | 2 | |
| Boots of Speed | 1 | |
4 total
team 2 (winner)
lIlIIlIIlIlIIlI (
purple | 97 APM | 2135 actions | 21:56)
6 Blood Mage
3 Flame Strike
3 Siphon Mana
» actions
| Assign group hotkey | 48 | |
| Basic commands | 91 | |
| Build / train | 151 | |
| ESC pressed | 12 | |
| Enter build submenu | 35 | |
| Enter hero's abilities submenu | 6 | |
| Give item / drop item | 4 | |
| Right click | 678 | |
| Select / deselect | 353 | |
| Select group hotkey | 649 | |
| Use ability | 108 | |
2135 total
» units
| Peasant | 29 | |
| Footman | 13 | |
| Goblin Shredder | 2 | |
| Flying Machine | 17 | |
| Gryphon Rider | 8 | |
69 total
» upgrades
| Masonry | 3 | |
| Defend | 1 | |
| Lumber Harvesting | 2 | |
| Swords | 3 | |
| Armor | 3 | |
| Plating | 2 | |
| Gunpowder | 2 | |
| Flak Cannons | 1 | |
| Flying Machine Bombs | 1 | |
| Backpack | 1 | |
| Animal War Training | 1 | |
| Storm Hammers | 1 | |
| Barrage | 1 | |
22 total
» buildings
| Barracks | 1 | |
| Altar of Kings | 1 | |
| Farm | 9 | |
| Arcane Vault | 1 | |
| Lumber Mill | 1 | |
| Town Hall | 1 | |
| Scout Tower | 9 | |
| Keep | 2 | |
| Guard Tower | 9 | |
| Blacksmith | 1 | |
| Arcane Tower | 3 | |
| Castle | 2 | |
| Workshop | 3 | |
| Gryphon Aviary | 4 | |
47 total
» build order
00:09 Barracks
00:11 Altar of Kings
00:22 Farm
01:03 Farm
02:10 Farm
03:08 Arcane Vault
03:17 Farm
03:29 Farm
04:35 Lumber Mill
05:15 Town Hall
05:36 Scout Tower
05:38 Scout Tower
05:41 Scout Tower
06:07 Keep
06:17 Guard Tower
06:27 Guard Tower
06:43 Guard Tower
07:22 Blacksmith
07:51 Scout Tower
07:54 Scout Tower
07:55 Scout Tower
08:08 Scout Tower
08:16 Scout Tower
08:20 Scout Tower
08:21 Guard Tower
08:22 Arcane Tower
08:22 Arcane Tower
08:26 Arcane Tower
08:44 Guard Tower
08:54 Guard Tower
08:55 Guard Tower
09:13 Guard Tower
09:39 Castle
10:23 Workshop
10:27 Workshop
11:22 Workshop
12:29 Farm
12:31 Farm
14:08 Farm
15:20 Gryphon Aviary
15:21 Gryphon Aviary
15:33 Farm
18:14 Gryphon Aviary
18:16 Gryphon Aviary
» items
| Scroll of Regeneration | 5 | |
| Potion of Healing | 6 | |
| Potion of Mana | 3 | |
| Ivory Tower | 1 | |
| Boots of Speed | 1 | |
| Staff of Teleportation | 1 | |
| Potion of Invisibility | 2 | |
| Lesser Clarity Potion | 3 | |
| Scroll of Town Portal | 3 | |
| Potion of Lesser Invulnerability | 1 | |
26 total
zoobtzote (
yellow | 36 APM | 796 actions | 21:53)
5 Goblin Alchemist
3 Acid Bomb
2 Healing Spray
» actions
| Assign group hotkey | 13 | |
| Basic commands | 18 | |
| Build / train | 48 | |
| Enter build submenu | 21 | |
| Enter hero's abilities submenu | 8 | |
| Give item / drop item | 1 | |
| Remove unit from queue | 1 | |
| Right click | 282 | |
| Select / deselect | 256 | |
| Select group hotkey | 100 | |
| Use ability | 48 | |
796 total
» units
| Peasant | 4 | |
| Footman | 4 | |
| Goblin Shredder | 1 | |
| Knight | 8 | |
| Siege Engine | 2 | |
19 total
» upgrades
| Masonry | 3 | |
| Swords | 3 | |
| Gunpowder | 2 | |
| Armor | 1 | |
| Plating | 2 | |
| Lumber Harvesting | 2 | |
| Animal War Training | 1 | |
| Barrage | 1 | |
15 total
» buildings
| Altar of Kings | 1 | |
| Farm | 11 | |
| Lumber Mill | 1 | |
| Barracks | 2 | |
| Keep | 1 | |
| Blacksmith | 1 | |
| Arcane Vault | 1 | |
| Workshop | 2 | |
| Castle | 1 | |
21 total
» build order
00:13 Altar of Kings
00:15 Farm
00:53 Lumber Mill
00:59 Farm
01:56 Barracks
01:58 Barracks
04:45 Keep
04:48 Blacksmith
05:59 Farm
06:02 Arcane Vault
07:21 Workshop
07:55 Workshop
09:52 Castle
10:21 Farm
10:22 Farm
10:23 Farm
10:24 Farm
11:25 Farm
11:29 Farm
13:23 Farm
14:26 Farm
» items
| Scroll of Town Portal | 1 | |
| Potion of Mana | 1 | |
| Circlet of Nobility | 1 | |
| Scroll of Regeneration | 1 | |
4 total
rura07 (
blue | 54 APM | 1173 actions | 21:53)
4 Paladin
2 Holy Light
2 Divine Shield
» actions
| Assign group hotkey | 34 | |
| Basic commands | 17 | |
| Build / train | 63 | |
| Enter build submenu | 19 | |
| Enter hero's abilities submenu | 5 | |
| Right click | 487 | |
| Select / deselect | 247 | |
| Select group hotkey | 196 | |
| Use ability | 105 | |
1173 total
» units
| Peasant | 9 | |
| Footman | 13 | |
| Dragonhawk Rider | 11 | |
33 total
» upgrades
| Defend | 1 | |
| Masonry | 3 | |
| Lumber Harvesting | 2 | |
| Animal War Training | 1 | |
| Swords | 1 | |
| Armor | 2 | |
| Cloud | 1 | |
11 total
» buildings
| Altar of Kings | 1 | |
| Farm | 9 | |
| Barracks | 1 | |
| Lumber Mill | 1 | |
| Scout Tower | 2 | |
| Arcane Tower | 1 | |
| Guard Tower | 1 | |
| Keep | 1 | |
| Arcane Vault | 2 | |
| Blacksmith | 2 | |
| Gryphon Aviary | 3 | |
| Castle | 1 | |
| Town Hall | 1 | |
26 total
» build order
00:08 Altar of Kings
00:10 Farm
00:15 Farm
00:25 Barracks
01:03 Lumber Mill
01:24 Farm
02:01 Farm
02:03 Farm
02:12 Scout Tower
02:21 Scout Tower
02:44 Arcane Tower
03:15 Guard Tower
03:51 Farm
03:52 Farm
05:01 Keep
06:11 Arcane Vault
06:16 Blacksmith
08:09 Gryphon Aviary
08:15 Gryphon Aviary
08:19 Gryphon Aviary
09:42 Castle
12:04 Town Hall
12:14 Blacksmith
15:37 Arcane Vault
17:01 Farm
17:02 Farm
» items
| Lesser Clarity Potion | 4 | |
| Circlet of Nobility | 1 | |
| Boots of Speed | 1 | |
| Periapt of Vitality | 1 | |
| Scroll of Regeneration | 1 | |
| Scroll of Town Portal | 1 | |
9 total

»
ColdBlueDiamond (
pink | 32 APM | 708 actions | 21:53)
5 Crypt Lord
2 Carrion Beetles
3 Spiked Carapace
3 Death Knight
2 Unholy Aura
1 Death Coil
» actions
| Basic commands | 10 | |
| Build / train | 65 | |
| Enter build submenu | 19 | |
| Enter hero's abilities submenu | 8 | |
| Right click | 408 | |
| Select / deselect | 171 | |
| Use ability | 27 | |
708 total
» units
| Acolyte | 7 | |
| Ghoul | 2 | |
| Crypt Fiend | 13 | |
| Frost Wyrm | 8 | |
30 total
» upgrades
| Creature Attack | 3 | |
| Creature Carapace | 2 | |
| Web | 1 | |
| Freezing Breath | 1 | |
7 total
» buildings
| Graveyard | 1 | |
| Crypt | 1 | |
| Ziggurat | 8 | |
| Altar of Darkness | 1 | |
| Nerubian Tower | 3 | |
| Necropolis | 1 | |
| Halls of the Dead | 1 | |
| Tomb of Relics | 2 | |
| Black Citadel | 1 | |
| Sacrificial Pit | 1 | |
| Boneyard | 2 | |
| Spirit Tower | 3 | |
25 total
» build order
00:19 Graveyard
00:26 Crypt
00:41 Ziggurat
01:07 Altar of Darkness
01:29 Ziggurat
02:43 Nerubian Tower
02:57 Ziggurat
05:12 Necropolis
06:08 Halls of the Dead
06:19 Tomb of Relics
07:48 Ziggurat
07:51 Ziggurat
07:55 Tomb of Relics
08:00 Ziggurat
08:59 Black Citadel
09:03 Sacrificial Pit
11:31 Boneyard
11:39 Boneyard
11:58 Spirit Tower
13:06 Ziggurat
13:09 Nerubian Tower
13:12 Spirit Tower
17:28 Ziggurat
19:02 Spirit Tower
19:04 Nerubian Tower
» items
| Scroll of Town Portal | 4 | |
| Scroll of Regeneration | 1 | |
| Orb of Corruption | 1 | |
| Potion of Healing | 3 | |
| Orb of Fire | 1 | |
10 total
Chat log
(01:01 / Allies) ColdBlueDiamond: gold?
(03:07 / All) rura07: very clever
(03:42 / Allies) rura07: rush
(04:53 / Allies) rura07: bitch help meee
(04:59 / Allies) zoobtzote: neym
(06:21 / Allies) rura07: thx at last
(09:51 / Allies) rura07: gogog
(09:52 / Allies) lIlIIlIIlIlIIlI: red has an expo at bot left
(09:55 / Allies) lIlIIlIIlIlIIlI: I saw an aco
(10:47 / Allies) rura07: why tttptpt idiot
(10:54 / Allies) lIlIIlIIlIlIIlI: got 4 buildings with 1 hero
(11:43 / Allies) rura07: they pro
(12:34 / All) ColdBlueDiamond: i got noobs
(12:35 / All) ColdBlueDiamond: gg
(12:40 / All) lIlIIlIIlIlIIlI: I did more than you all game
(12:41 / All) lIlIIlIIlIlIIlI: with 1 hero
(13:21 / Allies) rura07: gogogogo
(14:10 / All) rura07: omg heeelpp
(14:28 / All) rura07: omgg nooob teamamam
(14:34 / All) lIlIIlIIlIlIIlI: you are fine stfu
(16:28 / Allies) rura07: gogogo
(16:33 / Allies) rura07: piinkkk
(16:36 / Allies) rura07: gogogoo
(16:39 / Allies) ColdBlueDiamond: fu
(16:40 / Allies) rura07: omg
(16:45 / Allies) rura07: we luse
(16:46 / Allies) rura07: no go
(17:09 / Allies) rura07: omg
(17:13 / Allies) lIlIIlIIlIlIIlI: ignore him and go
(17:50 / Allies) lIlIIlIIlIlIIlI: ty pink
(18:31 / Allies) rura07: b
(18:56 / Allies) rura07: rego
(18:58 / Allies) rura07: pink please
(19:26 / Allies) rura07: w8
(20:36 / All) lIlIIlIIlIlIIlI: this was my first game in 3 months
(20:39 / All) lIlIIlIIlIlIIlI: no excuse if you guys lose this
(21:22 / All) rura07: noob rushres
(21:26 / All) rura07: take it
(21:35 / All) lIlIIlIIlIlIIlI: lol